Cogmind - Beta 10.2 @@@ ROGUE MODE // 2021.09.29 @ 19:55:12 Player: ktur Result: Destroyed by D-53 Grenadier with Mini Grenade Launcher Performance ------------- Evolutions (0) 0 Regions Visited (2) 400 Robots Destroyed (29) 145 Value Destroyed (652) 652 Prototype IDs (2) 40 Alien Tech Used (0) 0 Bonus (0) 0 TOTAL SCORE: 1237 Bonus ------- None Cogmind --------- Core Integrity 0/250 Matter 300/300 Energy 250/250 System Corruption 0% Temperature Cool (0) Movement Rolling (110) Ox1 Location -10/Mines Parts ------- > --- POWER (1) -------- Ion Engine > --- PROPULSION (2) --- Light Treads Compact Wheel > --- UTILITY (2) ------ Large Storage Unit Targeting Computer > --- WEAPON (2) ------- (None) > --- INVENTORY (10) --- Light Ion Engine Light Treads Large Storage Unit High-capacity Matter Pod (187) Hacking Suite Hacking Suite Assault Rifle Assault Rifle Light Assault Rifle Rocket Launcher Peak State ------------ > --- POWER ------------ Ion Engine > --- PROPULSION ------- Light Treads Light Treads > --- UTILITY ---------- Large Storage Unit Targeting Computer > --- WEAPON ----------- Particle Gun Light Assault Rifle > --- INVENTORY -------- Light Ion Engine Compact Wheel Large Storage Unit High-capacity Matter Pod Hacking Suite Hacking Suite Assault Rifle Assault Rifle Light Assault Rifle Grenade Launcher [Rating: 9] Favorites ----------- Power Ion Engine Engine Ion Engine Propulsion Light Treads Treads Light Treads Wheel Compact Wheel Utility Targeting Computer Storage Small Storage Unit Processor Targeting Computer Protection Light Armor Plating Weapon Assault Rifle Energy Gun Medium Laser Ballistic Gun Assault Rifle Launcher Grenade Launcher Build | -11 -10 -10 ------- Run | Scr Mat Min Slots Evolved . | . . . Power . | . . . Propulsion . | . . . Utility . | . . . Weapon . | . . . Parts Attached 23 | 6 12 5 Power 2 | 1 1 . Engine 2 | 1 1 . Core . | . . . Reactor . | . . . Propulsion 5 | 2 2 1 Treads 4 | 2 2 . Leg . | . . . Wheel 1 | . . 1 Hover . | . . . Flight . | . . . Utility 5 | 1 4 . Device . | . . . Storage 3 | 1 2 . Processor 1 | . 1 . Hackware . | . . . Protection 1 | . 1 . Artifact . | . . . Weapon 11 | 2 5 4 Energy Gun 4 | 1 1 2 Energy Cannon . | . . . Ballistic Gun 5 | 1 3 1 Ballistic Cannon . | . . . Launcher 2 | . 1 1 Special Weapon . | . . . Impact Weapon . | . . . Slashing Weapon . | . . . Piercing Weapon . | . . . Special Melee Weapon . | . . . Unidentified Prototypes . | . . . Parts Lost 5 | . 3 2 Power 1 | . 1 . Propulsion 1 | . 1 . Utility 1 | . 1 . Weapon 2 | . . 2 Highest Loss Streak 2 | . 2 2 Average Slot Usage (%) 97 | . 97 100 Engine 13 | . 12 14 Treads 27 | . 28 27 Storage 15 | . 15 14 Processor 9 | . 8 14 Protection 1 | . 2 . Energy Gun 5 | . 4 10 Ballistic Gun 21 | . 23 14 Naked Turns . | . . . Heaviest Build 26 | 11 25 26 Greatest Support 40 | 40 40 40 Greatest Overweight (x) 1 | . . 1 Average Overweight (x) . | . . . Largest Inventory Capacity 10 | 6 10 10 Average Capacity 7 | 5 6 10 Most Carried 10 | 6 10 10 Average Carried 7 | 3 6 10 Final Capacity 10 | 6 10 10 Final Carried 10 | 6 10 10 Class Distribution -------------------- 100% | Mutant Dominant Class ---------------- Mutant | -10/Materials Mutant | -10/Mines Resources | -11 -10 -10 ----------- Run | Scr Mat Min Matter Collected 938 | 213 575 150 Remotely . | . . . Salvage Created 823 | . 700 123 Parts 61 | . 51 10 Haulers Intercepted 2 | . 2 . Recyclers Shooed 3 | . 3 . Parts Field Recycled . | . . . Retrieved Matter . | . . . Parts Self-Destructed . | . . . Prevented . | . . . Kills | -11 -10 -10 ------- Run | Scr Mat Min Combat Hostiles Destroyed 21 | . 13 8 Guns 10 | . 8 2 AOE 11 | . 5 6 Classes Destroyed 9 | . 8 1 Worker 1 | . 1 . Tunneler 2 | . 2 . Hauler 2 | . 2 . Recycler 1 | . 1 . Operator 3 | . 3 . Watcher 2 | . 2 . Swarmer 6 | . 3 3 Grunt 12 | . 10 2 Assembled 3 | . . 3 Best Kill Streak 4 | . 3 4 Combat Bots Only 3 | . 3 3 Max Kills in Single Turn 3 | . 3 3 Gunslinging . | . . . Exploded 3 | . 3 3 Melee . | . . . Uniques/NPCs Destroyed . | . . . Combat | -11 -10 -10 -------- Run | Scr Mat Min Damage Taken 1184 | . 709 475 Core 269 | . 152 117 Absorbed by Shields . | . . . Core Remaining (%) 100 | 100 . . Volleys Fired 77 | . 64 13 Largest 2 | . 2 2 Hottest 70 | . 70 60 Shots Fired 148 | . 125 23 Gun 144 | . 124 20 Cannon . | . . . Launcher 4 | . 1 3 Special . | . . . Kinetic 115 | . 104 11 Thermal 5 | . 5 . Explosive 4 | . 1 3 Electromagnetic 24 | . 15 9 Robot Hit Streak 14 | . 14 5 Robot Miss Streak 3 | . 3 3 Penetration Max . | . . . Secondary Targets 1 | . 1 . Max Gunslinging Chain 1 | . 1 . Shots Hit Robots 105 | . 94 11 Core Hits 56 | . 37 19 Critical Hits . | . . . Critical Kills . | . . . Critical Parts Destroyed . | . . . Melee Attacks . | . . . Impact . | . . . Slashing . | . . . Piercing . | . . . Sneak Attacks . | . . . Combat Hostiles . | . . . Follow-up Attacks . | . . . Damage Inflicted 1957 | . 1537 420 Guns 1349 | . 1235 114 Cannons . | . . . Explosions 588 | . 282 306 Melee . | . . . Ramming 20 | . 20 . Kinetic 1051 | . 1008 43 Thermal 217 | . 217 . Explosive 434 | . 128 306 Electromagnetic 235 | . 164 71 Impact . | . . . Slashing . | . . . Piercing . | . . . Highest Corruption . | . . . Average Corruption . | . . . Corruption Purged . | . . . Overload Shots . | . . . Overflow Damage 1 | . 1 . Projectiles . | . . . Explosions 1 | . 1 . Melee . | . . . Knockbacks . | . . . Impact . | . . . Kinetic . | . . . Secondary . | . . . Self-Inflicted Damage 100 | . 100 . Shots 3 | . 3 . Rammed 7 | . 7 . Targets Rammed 9 | . 9 . Kicked . | . . . Crushed 2 | . 2 . Highest Temperature 91 | . 39 91 Average Temperature 26 | . 13 57 Received Heat Transfer 435 | . 324 111 Siege Activations . | . . . Robots Corrupted . | . . . Combat Hostiles . | . . . Parts Fried . | . . . Impact Corruptions . | . . . Robots Melted . | . . . Combat Hostiles . | . . . Parts Melted . | . . . Heat Transferred 335 | . 335 . Parts Sabotaged . | . . . Parts Stolen . | . . . Parts Stripped . | . . . Power Chain Reactions 2 | . 2 . Missiles Intercepted . | . . . Alert | -11 -10 -10 ------- Run | Scr Mat Min Peak Influence 282 | . 282 167 Initial 17 | . . 17 Average 107 | . 102 145 Maximum Alert Level 1 | . 1 . Low Security (%) 96 | 100 95 100 Level 1 3 | . 4 . Level 2 . | . . . Level 3 . | . . . Level 4 . | . . . Level 5 . | . . . High Security . | . . . Max Security . | . . . Squads Dispatched 3 | . 3 . Investigation 1 | . 1 . Extermination . | . . . Reinforcement 2 | . 2 . Assault . | . . . Garrison . | . . . Intercept . | . . . Construction Impeded . | . . . Haulers Reinforced . | . . . Stealth | -11 -10 -10 --------- Run | Scr Mat Min Distress Signals . | . . . Communications Jammed . | . . . Distress Signals . | . . . Times Spotted 56 | . 33 23 Peak Tracking Total 13 | . 4 13 Tactical Retreats 1 | . 1 . Traps | -11 -10 -10 ------- Run | Scr Mat Min Traps Triggered 1 | . 1 . Indirectly . | . . . Trap Hack Attempts . | . . . Triggered . | . . . Disarmed . | . . . Reprogrammed . | . . . Reused . | . . . Traps Extracted . | . . . Installed . | . . . Triggered . | . . . Machines | -11 -10 -10 ---------- Run | Scr Mat Min Machines Disabled 4 | . 3 1 Max in Single Turn 1 | . 1 1 Machines Sabotaged . | . . . Garrisons Compromised . | . . . Overloaded Fab Kills . | . . . Fab Network Shutdowns . | . . . Hacking | -11 -10 -10 --------- Run | Scr Mat Min Machines Accessed 6 | . 6 . Terminals 4 | . 4 . Fabricators . | . . . Repair Stations . | . . . Recycling Units 2 | . 2 . Scanalyzers . | . . . Garrison Access . | . . . Total Hacks 16 | . 16 . Successful 9 | . 9 . Failed 7 | . 7 . Catastrophic 2 | . 2 . Database Lockouts . | . . . Manual 10 | . 10 . Terminals 12 | . 12 . Fabricators . | . . . Repair Stations . | . . . Recycling Units 4 | . 4 . Scanalyzers . | . . . Garrison Access . | . . . Terminal Hacks 5 | . 5 . Robot Analysis 2 | . 2 . Prototype ID Bank 1 | . 1 . Unreport Threat 1 | . 1 . Locate Traps 1 | . 1 . Fabricator Hacks . | . . . Repair Station Hacks . | . . . Recycling Unit Hacks 3 | . 3 . Report Inventory 2 | . 2 . Retrieve Components 1 | . 1 . Scanalyzer . | . . . Garrison Access Hacks . | . . . Unauthorized Hacks 1 | . 1 . Terminals 1 | . 1 . Operators 1 | . 1 . Fabricators . | . . . Repair Stations . | . . . Recycling Units . | . . . Scanalyzers . | . . . Garrison Access . | . . . Data Cores Recovered 1 | . 1 . Used 1 | . 1 . Hacking Detections 5 | . 5 . Full Trace Events . | . . . Feedback Events . | . . . Feedback Blocked . | . . . Robot Schematics Acquired . | . . . Robots Built . | . . . Matter . | . . . Time . | . . . Total Robot Build Rating . | . . . Part Schematics Acquired . | . . . Parts Built . | . . . Matter . | . . . Time . | . . . Total Part Build Rating . | . . . Parts Repaired . | . . . Time . | . . . Parts Recycled . | . . . Recycled Matter . | . . . Retrieved Matter . | . . . Retrieved Components 4 | . 4 . Parts Scanalyzed . | . . . Part Schematics Acquired . | . . . Parts Damaged . | . . . Bothacking | -11 -10 -10 ------------ Run | Scr Mat Min Used RIF Installer . | . . . Robots Hacked . | . . . Non-combat . | . . . Combat . | . . . Robot Hacks Applied . | . . . Relay Couplers Released . | . . . Robots Rewired . | . . . Allies Hacked . | . . . Hacks Repelled . | . . . Allies | -11 -10 -10 -------- Run | Scr Mat Min Total Allies . | . . . Largest Group . | . . . Highest-Rated Group . | . . . Highest-Rated Ally . | . . . Total Orders . | . . . Ally Attacks . | . . . Total Damage . | . . . Kills . | . . . Allies Corrupted . | . . . Allies Melted . | . . . Intel | -11 -10 -10 ------- Run | Scr Mat Min Robot Analysis Total 2 | . 2 . Derelict Logs Recovered . | . . . Drone Launches . | . . . Drone Recoveries . | . . . Exploration | -11 -10 -10 ------------- Run | Scr Mat Min Turns Passed 1836 | 75 1348 413 Spaces Moved 949 | 41 677 231 Core 4 | 4 . . Treads 938 | 37 677 224 Legs . | . . . Wheels 7 | . . 7 Hover . | . . . Flight . | . . . Fastest Speed 50 | 50 160 110 Average Speed 159 | 149 160 158 Slowest Speed 160 | 160 160 160 Overloaded Moves . | . . . Propulsion Burnouts . | . . . Robots Hopped . | . . . Cave-ins Triggered . | . . . Exploration Rate (%) 47 | 4 84 53 Regions Visited 2 Branch Regions 1 Pre-discovered Areas . | . . . Known Exits Taken . | . . . Unknown Exits Taken 2 | 1 1 . Scrap Searched 1 | . . 1 Spaces Dug . | . . . Terrain Destroyed 37 | . 16 21 Melee . | . . . Projectile . | . . . AOE 37 | . 16 21 Terrain Rammed . | . . . Walls Destroyed . | . . . Machines Disabled . | . . . Actions | -11 -10 -10 --------- Run | Scr Mat Min Total 1120 | 52 812 256 Wait 36 | . 32 4 Move 947 | 40 676 231 Hop . | . . . Pick Up 17 | 6 10 1 Fast Attach 11 | 6 4 1 Attach 2 | . 2 . Detach 1 | . 1 . Swap 10 | . 6 4 Drop 10 | . 8 2 Fire 77 | . 64 13 Melee . | . . . Ram . | . . . Kick . | . . . Crush 9 | . 9 . Escape Stasis . | . . . Rewire . | . . . Trap . | . . . Miscellaneous . | . . . Route ------- -11/Scrapyard -10/Materials (discovered 4 exits: [*Mat x3] / [*Min]) -10/Mines (discovered 2 exits: [*Mat x2]) History --------- Turn | Location | Event 2 | -11/Scrapyard | Discovered new exit (range 16) 76 | -11/Scrapyard | Entered Materials 330 | -10/Materials | Build established: Mutant 415 | -10/Materials | Discovered new exit (range 12) 534 | -10/Materials | Core integrity fell below 50% 691 | -10/Materials | Discovered new exit (range 16) 1226 | -10/Materials | Discovered new exit (range 16) 1392 | -10/Materials | Discovered new exit (range 16) 1424 | -10/Materials | Entered Mines 1470 | -10/Mines | Assembled infested the area 1514 | -10/Mines | Discovered new exit (range 9) 1583 | -10/Mines | A weapon hastily lodged in a ceiling crevice suddenly fell to the ground 1749 | -10/Mines | Discovered new exit (range 9) 1766 | -10/Mines | Received a Rocket Launcher from a helpful Derelict 1830 | -10/Mines | Core integrity fell below 20% 1837 | -10/Mines | Destroyed by D-53 Grenadier with Mini Grenade Launcher Last Messages --------------- 01763_ 2Z-E4M(g): "Everyone knows a good old rocket launcher goes a long way." 01764_ 2Z-E4M(g): "Need to get rid of a swarm? Done. Need a big hole in the wall? Done." 01765_ 2Z-E4M(g): "Need a small hole in the wall? Leave that to the mining laser wimps, I say!" 01766_ 2Z-E4M(g): "Would you like a rocket launcher? I know I would if I were you, so I'm going to lend you mine." 01766_ 2Z-E4M(g) slips back into the shadows. 01773_ Dropped Grenade Launcher. 01773_ Acquired Rocket Launcher. 01829_ The unstable cave ceiling collapses. 01829_ R-06 Scavenger destroyed. 01831_ Acquired 55 matter. 01832_ K-01 Serf cleans the Plasma Injector. 01834_ Plasma Injector explodes. 01834_ Lgt. Assault Rifle destroyed. 01834_ Plasma Injector explodes. 01834_ K-01 Serf destroyed. 01834_ Particle Gun destroyed. Map ----- +----------------------------------------------------+ | ????????????????????????????????????????????????## | | ????????????????????????????????????????????????# | | ????????????????????????????????################# | | ????????????????????????????????# | | ????????????????????????????????# ############### | | ?????????????????????????????#### #?????????????# | | ??????????????????############ / ##????????????# | | ???????????????#### #????????????# | | ???????????????# ##???????????## | | ????????????#### ######## ###??????????# | | ???????????## #####??????## ##????????## | | ???????????# #???????????## #????????# | | ##?????????# ####????????????# ### #????????# | | #?????????# #???????????????# #??# ##????????# | | ##????????# #???????????????# #???###?????????# | | #####????# #????????????#### ###?????????????# | | ##??## ##???????????# ##????????????# | | ##?# ############# #????????????# | | #?# %%* #???####?????## | | #?## ########## ; = ##??## ######## | | ##??# ##???????# d #?## | | #???# #????????# = ### ####### | | ##??# #????????# ### ######? | | #### #????????# = # ## ## | | ## #????????## # | | # ##???????# @ % # | | ## #???????## ;; ### | | ?# ##????? = ;## #?## | | ?## ### ####?????? =! < ; # #??## | | ??####?#####???????? #### ;## % #???## | | ????????????????????????# ;## #???# | | ????????????????????????# #### #???# | | ????????????????????????###########??# #???## | | ?????????????????????????????????????# #???## | | ????????????????????????????????????? ??## | | ????????????????????????????????????? ??# | | ????????????????????????????????????? | | ????????????????????????????????????? # ## | | ????????????????????????????????????? #?## | | ??????????????????????????????????? #% ???# | | ??????????????????????????????????? # ??? | | ??????????????????????????????????? ??? | | ??????????????????????????????????## ????? | | ???????????????????????????????????? % #????? | | ????????????????????????????????????? ##?????? | | ?????????????????????????????????????# ?????????? | | ????????????????????????????????????? ???????????? | | ?????????????????????????????????????????????????? | | ?????????????????????????????????????????????????? | | ?????????????????????????????????????????????????? | +----------------------------------------------------+ Best States ------------- Heat Dissipation 25 Energy Generation 10 Energy Capacity 250 Matter Stores 374 Matter Capacity 500 Sight Range 16 Terrain Scan Density 10 Armor Coverage 150 Evasion (%) 40 Targeting Accuracy 5 Recoil Reduction 2 Item Schematics ----------------- None Robot Schematics ------------------ None Fabricated ------------ Nothing Alien Tech Used ----------------- None Achievements -------------- None Challenges ------------ None Game ------ Seed RecoilHypercooledBoomstick Manual? 0 Play Time 00:10:34 Cumulative 202.0 hours Start 2021.09.29 @ 19:46:25 End 2021.09.29 @ 19:55:12 Sessions 1 Manual Loads 0 Difficulty Rogue Special Mode None Game No. 258 Rogue 258 Adventurer 0 Explorer 0 Win Type - Total 5 Types 3/0/1/1/0/0/0/0/0 Lore% 78 Gallery% 80 Achievement% 64 Wizard Run 0 Options --------- ASCII 0 Keyboard 0 Movement Arrows Keybinds 0 Fullscreen 1 Font 18/SmallcapsGlow Map View 76x50 Tactical HUD 1 Map Filters NONE Filters NONE Steam 1 RUN: 10e22e4e-b6ad-464d-bf66-4ac29edda1b5